 Dungeon Crawl Stone Soup version 0.30-a0-585-g93115170b9 (webtiles) character file.

Game seed: 17241419000939545036

224 themarg the Insei (level 6, -9/47 HPs)
             Began as a Gnoll Transmuter on Jan 2, 2023.
             Was a Believer of Zin.
             Mangled by an ogre
             ... wielding a +0 giant club
              (19 damage)
             ... on level 4 of the Dungeon.
             The game lasted 00:07:04 (3155 turns).

themarg the Insei (Gnoll Transmuter)                Turns: 3155, Time: 00:07:05

Health: -9/47      AC:  4    Str:  9    XL:     6   Next: 0%
Magic:  13/13      EV: 13    Int: 14    God:    Zin [**....]
Gold:   81         SH:  0    Dex: 13    Spells: 9/15 levels left

rFire   . . .      SeeInvis .    a - +0 short sword
rCold   . . .      Faith    .    (no shield)
rNeg    . . .      Spirit   .    o - +0 leather armour
rPois   .          Reflect  .    (no helmet)
rElec   .          Harm     .    n - +0 cloak
rCorr   .          Rampage  .    (no gloves)
Will    .....                    (no boots)
Stlth   ++                       (no amulet)
HPRegen 0.27/turn                (no ring)
MPRegen 0.13/turn                (no ring)

@: no status effects
A: fangs 1, strong nose, distributed training
a: Renounce Religion, Recite, Vitalisation, Donate Gold


You were on level 4 of the Dungeon.
You worshipped Zin.
Zin was pleased with you.
You visited 1 branch of the dungeon, and saw 4 of its levels.

You collected 90 gold pieces.
You donated 9 gold pieces to Zin.

Inventory:

Hand Weapons
 a - a +0 short sword (weapon)
 b - a +0 sling
Missiles
 e - 25 stones
Armour
 n - a +0 cloak (worn)
 o - a +0 leather armour (worn)
 q - a +0 helmet
Jewellery
 s - a ring of resist corrosion
Scrolls
 d - a scroll of amnesia
 g - 2 scrolls of vulnerability
 h - 2 scrolls of brand weapon
 i - a scroll of enchant weapon {unknown}
 j - a scroll of torment {unknown}
 k - a scroll of magic mapping {unknown}
 l - a scroll of noise {unknown}
 m - a scroll of fear {unknown}
 p - a scroll of butterflies {unknown}
Potions
 c - a potion of brilliance {unknown}
 f - a potion of magic
 r - 2 potions of curing {unknown}


   Skills:
 + Level 3.1 Fighting
 + Level 1.8 Short Blades
 + Level 1.8 Long Blades
 + Level 1.8 Axes
 + Level 1.8 Maces & Flails
 + Level 1.8 Polearms
 + Level 1.8 Staves
 + Level 1.8 Ranged Weapons
 + Level 1.8 Throwing
 + Level 1.8 Armour
 + Level 4.9 Dodging
 + Level 1.8 Stealth
 + Level 1.8 Shields
 + Level 6.8 Unarmed Combat
 + Level 5.3 Spellcasting
 + Level 1.4 Conjurations
 + Level 1.4 Hexes
 + Level 1.4 Summonings
 + Level 1.4 Necromancy
 + Level 1.4 Translocations
 + Level 4.0 Transmutations
 + Level 1.4 Fire Magic
 + Level 1.4 Ice Magic
 + Level 1.4 Air Magic
 + Level 1.4 Earth Magic
 + Level 1.4 Poison Magic
 + Level 2.0 Invocations
 + Level 1.8 Evocations


You had 9 spell levels left.
You knew the following spells:

 Your Spells              Type           Power      Damage    Failure   Level
a - Beastly Appendage     Tmut           30%        N/A       4%          1
b - Wereblood             Tmut           15%        N/A       7%          2
c - Spider Form           Tmut/Pois      11%        N/A       22%         3

Your spell library contained the following spells:

 Spells                   Type           Power      Damage    Failure   Level
 Ice Form                 Ice/Tmut       11%        N/A       58%         4


Dungeon Overview and Level Annotations

Branches:
Dungeon (4/15)
 Temple: D:4-7

Altars:
Zin


Innate Abilities, Weirdness & Mutations

You have very sharp teeth.
Your uncanny sense of smell can sniff out nearby items.
Your experience applies equally to all skills.


Message History

You see here a dart slug corpse.
You see here a +0 leather armour.
There is a stone staircase leading up here.
Done exploring.
Done exploring.
There is a stone staircase leading down here.
You climb downwards.
Found 3 stones.
There is a stone staircase leading up here.
As you read the scroll of identify, it crumbles to dust.
h - 2 scrolls of brand weapon
e - 25 stones (gained 3)
You open the door.
There is an open door here.
Found a rapier.
Found 11 gold pieces.
Found a fizzy blue potion.
Found 21 gold pieces.
An ogre comes into view. It is wielding a +0 giant club.
The ogre shouts!
Found a scroll of identify.
The ogre closely misses you.
You see here a +0 rapier.
You hit the ogre.
The ogre is lightly wounded.
You hit the ogre.
The ogre is moderately wounded.
The ogre hits you with a +0 giant club!
You hit the ogre.
The ogre is moderately wounded.
The ogre hits you with a +0 giant club! The ogre attacks as you move away!
The ogre hits you with a +0 giant club!
* * * LOW HITPOINT WARNING * * *
You hit the ogre. You punch the ogre. You bite the ogre, but do no damage.
The ogre is heavily wounded.
The ogre barely misses you. The ogre attacks as you move away!
The ogre misses you.
You barely miss the ogre.
The ogre is heavily wounded.
The ogre hits you with a +0 giant club!!
You die...

###### #....####+####
#............#
#............# #...#
#...###########
#+###$..####...#..........
.......)....O@...#....#...
.................#....+
?.$##.....##.....#....# #
#....!########....###+
#.....#......#........
#.....#......'........
+.....#......#........
#.....##.....#........
#.....#........


You could see an ogre.

Vanquished Creatures
  An ogre (D:2)
  Jessica (D:2)
  Robin (D:3)
  5 adders (D:2)
  A worm (D:3)
  3 dart slugs
  4 endoplasms
  A giant cockroach (D:3)
  6 hobgoblins
  2 jackals (D:1)
  5 ball pythons
  5 bats
  A frilled lizard (D:1)
  9 goblins
  5 kobolds
  6 rats
56 creatures vanquished.

Notes
Turn   | Place    | Note
-------+----------+-------------------------------------------
     0 | D:1      | themarg the Gnoll Transmuter began the quest for the Orb.
     0 | D:1      | Reached XP level 1. HP: 17/17 MP: 6/6
   190 | D:1      | Reached XP level 2. HP: 15/23 MP: 5/7
   193 | D:1      | Learned a level 2 spell: Wereblood
  1081 | D:2      | Noticed an ogre
  1144 | D:2      | Reached skill level 5 in Spellcasting
  1144 | D:2      | Reached XP level 3. HP: 23/28 MP: 6/9
  1174 | D:2      | Learned a level 3 spell: Spider Form
  1210 | D:2      | Reached skill level 1 in Invocations
  1212 | D:2      | Reached skill level 1 in Short Blades
  1212 | D:2      | Reached skill level 1 in Long Blades
  1212 | D:2      | Reached skill level 1 in Axes
  1212 | D:2      | Reached skill level 1 in Maces & Flails
  1212 | D:2      | Reached skill level 1 in Polearms
  1212 | D:2      | Reached skill level 1 in Staves
  1212 | D:2      | Reached skill level 1 in Ranged Weapons
  1212 | D:2      | Reached skill level 1 in Throwing
  1212 | D:2      | Reached skill level 1 in Armour
  1212 | D:2      | Reached skill level 1 in Stealth
  1212 | D:2      | Reached skill level 1 in Shields
  1212 | D:2      | Reached skill level 1 in Evocations
  1373 | D:2      | Reached XP level 4. HP: 33/34 MP: 8/11
  1404 | D:2      | Noticed Jessica
  1415 | D:2      | Killed Jessica
  1416 | D:2      | Reached skill level 1 in Conjurations
  1416 | D:2      | Reached skill level 1 in Hexes
  1416 | D:2      | Reached skill level 1 in Summonings
  1416 | D:2      | Reached skill level 1 in Necromancy
  1416 | D:2      | Reached skill level 1 in Translocations
  1416 | D:2      | Reached skill level 1 in Fire Magic
  1416 | D:2      | Reached skill level 1 in Ice Magic
  1416 | D:2      | Reached skill level 1 in Air Magic
  1416 | D:2      | Reached skill level 1 in Earth Magic
  1416 | D:2      | Reached skill level 1 in Poison Magic
  1710 | D:2      | Killed an ogre
  1711 | D:2      | Reached XP level 5. HP: 16/41 MP: 8/12
  2143 | D:2      | Found a faded altar of an unknown god.
  2148 | D:2      | Prayed at the altar of an unknown god.
  2148 | D:2      | Became a worshipper of Zin the Law-Giver
  2148 | D:2      | Reached * piety under Zin
  2464 | D:3      | Noticed Robin
  2502 | D:3      | Killed Robin
  2913 | D:3      | Reached ** piety under Zin
  3047 | D:3      | Reached XP level 6. HP: 47/47 MP: 13/13
  3155 | D:4      | Mangled by an ogre

Illustrated notes

Levels and vault maps discovered:
D:1:      lemuel_arrival_tunnels, layout_loops_ring
D:2:      layout_loops_ring, shapermc_ecumenical_altar_petra,
          chequers_arboretum, uniq_jessica
D:3:      layout_rooms, minmay_misc_feat_iff, uniq_robin
D:4:      layout_gridville, minmay_temple_entry_overgrown, uniq_grinder

Skill      XL: |  1  2  3  4  5 |
---------------+----------------+-----
Spellcasting   | 5 |  5.3
Invocations    | 1 2 |  2.0
Short Blades   | 1 |  1.8
Long Blades    | 1 |  1.8
Axes           | 1 |  1.8
Maces & Flails | 1 |  1.8
Polearms       | 1 |  1.8
Staves         | 1 |  1.8
Ranged Weapons | 1 |  1.8
Throwing       | 1 |  1.8
Armour         | 1 |  1.8
Stealth        | 1 |  1.8
Shields        | 1 |  1.8
Evocations     | 1 |  1.8
Conjurations   | 1 |  1.4
Hexes          | 1 |  1.4
Summonings     | 1 |  1.4
Necromancy     | 1 |  1.4
Translocations | 1 |  1.4
Fire Magic     | 1 |  1.4
Ice Magic      | 1 |  1.4
Air Magic      | 1 |  1.4
Earth Magic    | 1 |  1.4
Poison Magic   | 1 |  1.4
Fighting       | 3 |  3.1
Transmutations | 4 |  4.0
Dodging        | |  4.9
Unarmed Combat | |  6.8

Action                   |  1- 3 |  4- 6 || total
-------------------------+-------+-------++-------
Melee: Unarmed           |    18 |    20 ||    38
       Dagger            |    50 |       ||    50
       Kick              |    10 |     1 ||    11
       Headbutt          |    12 |       ||    12
       Bite              |     4 |    12 ||    16
       Punch             |     1 |     5 ||     6
       Short sword       |     3 |    99 ||   102
 Cast: Beastly Appendage |    21 |     2 ||    23
       Spider Form       |     1 |     3 ||     4
       Wereblood         |     1 |       ||     1
Invok: Recite            |       |     2 ||     2
  Use: Potion            |       |     2 ||     2
       Scroll            |       |     4 ||     4
 Stab: Sleeping          |       |     1 ||     1
Armor: Robe              |    13 |       ||    13
       Skin              |     1 |       ||     1
       Leather armour    |       |    21 ||    21
Dodge: Dodged            |    53 |    67 ||   120

Table legend: (Time is in decaauts)
 A = Elapsed time spent in this place.
 B = Non-inter-level travel time spent in this place.
 C = Inter-level travel time spent in this place.
 D = Time resting spent in this place.
 E = Time spent auto-exploring this place.
 F = Levels seen in this place.
 G = Mean time per level.
                   A        B        C        D        E       F      G
               +--------+--------+--------+--------+--------+-----+--------+
         Total |   3120 |   2877 |    243 |    159 |   2202 |   4 |  780.0 |
       Dungeon |   3120 |   2877 |    243 |    159 |   2202 |   4 |  780.0 |
               +--------+--------+--------+--------+--------+-----+--------+

Top non-repeatable levels by time:
     D:2: 1188 daAuts
     D:1: 1068 daAuts
     D:3: 820 daAuts
     D:4: 43 daAuts
